 Dungeon Crawl Stone Soup version 0.29-a0-330-g52719c12eb (webtiles) character file.

Game seed: 17420201870761419233

4 Flugslaktarn the Stinger (level 1, -3/13 HPs)
             Began as a Human Venom Mage on Apr 12, 2022.
             Slain by a quokka (4 damage)
             ... on level 2 of the Dungeon.
             The game lasted 00:00:21 (80 turns).

Flugslaktarn the Stinger (Human Venom Mage)           Turns: 80, Time: 00:00:22

Health: -3/13      AC:  2    Str:  8    XL:     1   Next: 66%
Magic:  0/3        EV: 12    Int: 15    God:
Gold:   9          SH:  0    Dex: 13    Spells: 3/4 levels left

rFire   . . .      SeeInvis .   c - +0 falchion
rCold   . . .      Faith    .   (no shield)
rNeg    . . .      Spirit   .   a - +0 robe
rPois   .          Reflect  .   (no helmet)
rElec   .          Harm     .   (no cloak)
rCorr   .          Rampage  .   (no gloves)
Will    .....                   (no boots)
Stlth   ++........              (no amulet)
HPRegen 0.04/turn               (no ring)
MPRegen 0.08/turn               (no ring)

@: no status effects
A: no striking features
a: no special abilities


You were on level 2 of the Dungeon.
You visited 1 branch of the dungeon, and saw 3 of its levels.

You collected 9 gold pieces.

Inventory:

Hand Weapons
 c - a +0 falchion (weapon)
   (You found it on level 3 of the Dungeon)
Armour
 a - a +0 robe (worn)
Potions
 b - a potion of magic
 d - 2 potions of heal wounds {unknown}


   Skills:
 - Level 2.0 Dodging
 - Level 2.0 Stealth
 - Level 2.0 Spellcasting
 + Level 1.6 Transmutations
 - Level 3.0 Poison Magic


You had 3 spell levels left.
You knew the following spells:

 Your Spells              Type           Power      Damage    Failure   Level
a - Sting                 Tmut/Pois      32%        1d4       9%          1

Your spell library contained the following spells:

 Spells                   Type           Power      Damage    Failure   Level
 Poisonous Vapours        Pois/Air       12%        N/A       19%         2
 Mephitic Cloud           Conj/Pois/Air  4%         N/A       41%         3
 Olgreb's Toxic Radiance  Pois           10%        N/A       54%         4


Dungeon Overview and Level Annotations

Branches:
Dungeon (3/15)

Altars:


Message History

The rat is heavily wounded.
The rat bites you.
You kill the rat!
There is a stone staircase leading down here.
You climb downwards.
Found a falchion.
There is a stone staircase leading up here.
You see here a +0 falchion.
c - a +0 falchion
c - a +0 falchion (weapon)
Found a stone staircase leading up.
There is a stone staircase leading up here.
The ball python hisses angrily.
You climb upwards.
There is a stone staircase leading down here.
Casting: Sting (safe; 10% risk of failure)
Confirm with . or Enter, or press ? or * to list all spells.
You can't see any susceptible monsters within range! (Use Z to cast anyway.)
The kobold shouts!
Casting: Sting (safe; 10% risk of failure)
Confirm with . or Enter, or press ? or * to list all spells.
Aiming: Sting (safe; 10% risk of failure)
Press: ? - help, Shift-Dir - straight line, f - kobold
Aim: a kobold, wielding a +0 dagger (60% to hit)
The sting misses the kobold.
Casting: Sting (safe; 10% risk of failure)
Confirm with . or Enter, or press ? or * to list all spells.
Aiming: Sting (safe; 10% risk of failure)
Press: ? - help, Shift-Dir - straight line, f/p - kobold
Aim: a kobold, wielding a +0 dagger (60% to hit)
The sting hits the kobold.
The kobold is poisoned.
The kobold is moderately wounded.
The kobold completely misses you.
You slash the kobold!
You kill the kobold!
An endoplasm comes into view.
Things that are here:
a +0 dagger; a kobold corpse The endoplasm quivers.
There is a stone staircase leading down here.
The endoplasm jiggles.
A bat comes into view.
A quokka comes into view.
The bat misses you.
Found 2 bubbling clear potions.
The bat barely misses you.
Casting: Sting (safe; 10% risk of failure)
Confirm with . or Enter, or press ? or * to list all spells.
Aiming: Sting (safe; 10% risk of failure)
Press: ? - help, Shift-Dir - straight line, f - bat
Aim: a bat (52% to hit)
The sting hits the bat.
The bat is poisoned.
The bat is moderately wounded.
The bat hits you but does no damage.
You hit the bat.
You kill the bat!
The endoplasm jiggles.
You see here 2 bubbling clear potions.
Casting: Sting (safe; 9% risk of failure)
Confirm with . or Enter, or press ? or * to list all spells.
Aiming: Sting (safe; 9% risk of failure)
Press: ? - help, Shift-Dir - straight line, f - endoplasm
Aim: an endoplasm (97% to hit)
The sting hits the endoplasm.
The endoplasm partially resists.
The endoplasm is poisoned.
The endoplasm is lightly wounded.
You hit the endoplasm.
The endoplasm is severely wounded.
You kill the endoplasm!
You see here 2 bubbling clear potions.
d - 2 bubbling clear potions
Casting: Sting (safe; 9% risk of failure)
Confirm with . or Enter, or press ? or * to list all spells.
Aiming: Sting (safe; 9% risk of failure)
Press: ? - help, Shift-Dir - straight line, f - quokka
Aim: a quokka (asleep, 100% to hit)
The sting hits the quokka.
The quokka is poisoned.
The quokka is moderately wounded.
The quokka bites you. x2
You closely miss the quokka.
The quokka is heavily wounded.
The quokka bites you.
You barely miss the quokka.
The quokka is heavily wounded.
The quokka barely misses you. x2
You miss the quokka.
The quokka is heavily wounded.
The quokka looks more healthy.
The quokka bites you.
* * * LOW HITPOINT WARNING * * *
You barely miss the quokka.
The quokka is heavily wounded.
The quokka bites you.
* * * LOW HITPOINT WARNING * * *
The quokka barely misses you.
Casting: Sting (safe; 9% risk of failure)
Confirm with . or Enter, or press ? or * to list all spells.
You don't have enough magic to cast this spell.
You barely miss the quokka.
The quokka is heavily wounded.
The quokka bites you.
You die...

#.#.# #.#.# #.#.# #.#.#
#.#.# ##.#.#######
#...........
#..#.####### #@....†.#
......r..####.#
######...####.##########
..............J..)..
###...##.#...########
#...##.###.# ##..## #..
#..# ####


You could see a quokka.

Vanquished Creatures
  An endoplasm (D:2)
  A kobold (D:2)
  A bat (D:2)
  A rat (D:2)
4 creatures vanquished.

Notes
Turn   | Place    | Note
-------+----------+-------------------------------------------
     0 | D:1      | Flugslaktarn the Human Venom Mage began the quest for the
                  | Orb.
     0 | D:1      | Reached XP level 1. HP: 13/13 MP: 3/3
    80 | D:2      | Slain by a quokka

Illustrated notes

Levels and vault maps discovered:
D:1:      dpeg_arrival_leaves_temple_mockup, layout_loops_cross,
          minmay_rat_gold_closets
D:2:      layout_basic, minmay_bisected, uniq_natasha, uniq_jessica
D:3:      layout_loops_cross

Action                   || total
-------------------------++-------
Melee: Falchion          ||     8
 Cast: Sting             ||     8
Armor: Robe              ||     1
Dodge: Dodged            ||     8

Table legend: (Time is in decaauts)
 A = Elapsed time spent in this place.
 B = Non-inter-level travel time spent in this place.
 C = Inter-level travel time spent in this place.
 D = Time resting spent in this place.
 E = Time spent auto-exploring this place.
 F = Levels seen in this place.
 G = Mean time per level.
                   A        B        C        D        E       F      G
               +--------+--------+--------+--------+--------+-----+--------+
         Total |     81 |     81 |      0 |      0 |      0 |   3 |   27.0 |
       Dungeon |     81 |     81 |      0 |      0 |      0 |   3 |   27.0 |
               +--------+--------+--------+--------+--------+-----+--------+

Top non-repeatable levels by time:
     D:2: 59 daAuts
     D:3: 13 daAuts
     D:1: 9 daAuts
